 Dungeon Crawl Stone Soup version 0.19.5 (webtiles) character file.

339 Rrauwl the Skirmisher (level 6, -2/56 HPs)
             Began as a Hill Orc Fighter on Mar 6, 2017.
             Killed from afar by an orc wizard (12 damage)
             ... with a puff of flame
             ... on level 3 of the Dungeon.
             The game lasted 00:14:27 (2379 turns).

Rrauwl the Skirmisher (Hill Orc Fighter)            Turns: 2379, Time: 00:14:27

Health: -2/56      AC:  5    Str: 19    XL:     6   Next: 55%
Magic:  7/7        EV:  8    Int: 14    God:
Gold:   97         SH:  9    Dex: 10    Spells: 0 memorised, 7 levels left

rFire  . . .     SeeInvis .     a - +0 war axe
rCold  . . .     Gourm    .     e - +1 ring mail {rPois}
rNeg   + . .     Faith    .     c - +0 shield
rPois  +         Spirit   .     (no helmet)
rElec  .         Reflect  .     (no cloak)
rCorr  .         Harm     .     (no gloves)
MR     .....                    j - +0 pair of boots
Stlth  +.........               (no amulet)
                                i - ring of positive energy
                                l - +4 ring of intelligence

@: no status effects
A: deformed body, wild magic 1, MP-powered wands
a: no special abilities


You were on level 3 of the Dungeon.
You were not hungry.

You visited 1 branch of the dungeon, and saw 3 of its levels.

You collected 97 gold pieces.

Inventory:

Hand Weapons
 a - a +0 war axe (weapon)
Missiles
 n - 126 stones (quivered)
Armour
 c - a +0 shield (worn)
 e - a +1 ring mail of poison resistance (worn)
 j - a +0 pair of boots (worn)
Jewellery
 h - an uncursed ring of wizardry
 i - a ring of positive energy (right hand)
 l - a +4 ring of intelligence (left hand)
Scrolls
 m - a scroll of recharging
Potions
 k - a potion of agility
Comestibles
 b - 5 chunks of flesh
 f - 2 bread rations
 g - 2 beef jerkies


   Skills:
 + Level 5.1 Fighting
 + Level 4.4 Axes
 - Level 1.1 Throwing
 + Level 4.7 Armour
 - Level 1.0 Dodging
 + Level 0.6 Stealth
 - Level 4.0 Shields
 - Level 1.0 Spellcasting


You had 7 spell levels left.
You didn't know any spells.

Dungeon Overview and Level Annotations

Branches:
Dungeon (3/15)

Altars:


Innate Abilities, Weirdness & Mutations

Armour fits poorly on your strangely shaped body.
Your spells are a little harder to cast, but a little more powerful.
You expend magic power (3 MP) to strengthen your wands.


Message History

A magic dart appears from out of thin air!
The magic dart hits you!
You closely miss something.
You hear some strange, mumbled words.
A puff of flame appears from out of thin air!
You block the puff of flame.
You closely miss something. You block something's attack. Something hits you.
You hit something but do no damage.
You hear some strange, mumbled words.
A magic dart appears from out of thin air!
The magic dart hits you!
* * * LOW HITPOINT WARNING * * *
You miss something. Something hits you but does no damage. Something hits you.
* * * LOW HITPOINT WARNING * * *
Okay, then.
You miss something. Something hits you but does no damage.
You hear some strange, mumbled words.
A puff of flame appears from out of thin air!
The puff of flame hits you!
You die...

..# #...... #.#
#.##.## #.#
####.#.<..
####.###.##......
#.......#.......#
#.##.###.##.##.##
# #(##.#
####.##.#
#.##.##.# #)##.##
#..@{...# #......
####†#### ###...#
#.# ##..... #.#
##...... #.#
#....... #..
+....... #.#
#....... #.#
##...... #.#
##.....


There were no monsters in sight!

Vanquished Creatures
  Sigmund (D:3)
  Jessica (D:3)
  7 adders
  3 oozes
  A dart slug (D:2)
  4 leopard geckos
  2 orcs (D:3)
  2 giant cockroaches (D:2)
  10 goblins
  5 hobgoblins
  4 jackals (D:3)
  12 kobolds
  2 quokkas (D:2)
  2 ball pythons (D:3)
  6 bats
  6 frilled lizards
  8 rats
76 creatures vanquished.

Notes
Turn   | Place    | Note
-------+----------+-------------------------------------------
     0 | D:1      | Rrauwl the Hill Orc Fighter began the quest for the Orb.
     0 | D:1      | Reached XP level 1. HP: 19/19 MP: 1/1
   160 | D:1      | Reached XP level 2. HP: 23/27 MP: 2/2
   507 | D:2      | Reached skill level 4 in Fighting
   608 | D:2      | Reached XP level 3. HP: 21/33 MP: 3/3
   967 | D:2      | Reached XP level 4. HP: 21/40 MP: 4/4
  1731 | D:3      | Found a faded altar of an unknown god.
  1796 | D:3      | Reached skill level 1 in Dodging
  1807 | D:3      | Noticed Sigmund
  1818 | D:3      | Killed Sigmund
  1818 | D:3      | Reached skill level 5 in Fighting
  1818 | D:3      | Reached skill level 1 in Throwing
  1818 | D:3      | Reached skill level 1 in Spellcasting
  1818 | D:3      | Reached XP level 5. HP: 35/48 MP: 4/6
  1818 | D:3      | Reached XP level 6. HP: 41/56 MP: 4/7
  2174 | D:3      | Gained mutation: You expend magic power (3 MP) to strengthen your wands. [potion of mutation]
  2174 | D:3      | Gained mutation: Armour fits poorly on your strangely shaped body. [potion of mutation]
  2174 | D:3      | Gained mutation: Your spells are a little harder to cast, but a little more powerful. [potion of mutation]
  2245 | D:3      | Noticed Jessica
  2252 | D:3      | Killed Jessica
  2379 | D:3      | Killed from afar by an orc wizard

Skill      XL: |  1  2  3  4 |
---------------+-------------+-----
Fighting       | 4 5 |  5.1
Axes           | 3 4 |  4.4
Armour         | 4 |  4.7
Shields        | 4 |  4.0
Dodging        | 1 |  1.0
Throwing       | 1 |  1.1
Spellcasting   | 1 |  1.0
Stealth        | |  0.6

Action                   |  1- 3 |  4- 6 || total
-------------------------+-------+-------++-------
Melee: War axe           |   140 |   149 ||   289
 Fire: Hunting sling     |     5 |       ||     5
  Use: Potion            |     2 |     3 ||     5
       Scroll            |     2 |     3 ||     5
  Eat: Chunk             |       |     5 ||     5
Armor: Ring mail         |    43 |    62 ||   105
       Scale mail        |     9 |       ||     9
Dodge: Dodged            |    40 |    54 ||    94
Block: Shield            |    70 |    66 ||   136
